 Dungeon Crawl Stone Soup version 0.21.1-1-g345015fe64 (webtiles) character file.

144 robveelben the Slasher (level 5, 0/38 HPs)
             Began as a Demonspawn Gladiator on June 23, 2018.
             Succumbed to kaisn's ghost's poison
             ... on level 4 of the Dungeon.
             The game lasted 00:06:44 (2816 turns).

robveelben the Slasher (Demonspawn Gladiator)       Turns: 2816, Time: 00:06:44

Health: 0/38       AC:  9    Str: 15    XL:     5   Next: 5%
Magic:  1/5        EV:  8    Int:  9    God:
Gold:   163        SH:  0    Dex: 15    Spells: 4/4 levels left

rFire    . . .     SeeInvis .   a - +0 long sword
rCold    . . .     Gourm    .   (no shield)
rNeg     . . .     Faith    .   o - +0 chain mail
rPois    .         Spirit   +   c - +0 helmet
rElec    .         Reflect  .   (no cloak)
rCorr    .         Harm     .   (no gloves)
MR       .....                  (no boots)
Stlth    ..........             (no amulet)
HPRegen  0.12/turn              (no ring)
MPRegen  0.09/turn              (no ring)

@: confused, lethally poisoned (0 -> -21)
A: magic shield, sturdy frame 1
a: no special abilities


You were on level 4 of the Dungeon.
You were hungry.

You visited 1 branch of the dungeon, and saw 4 of its levels.

You collected 163 gold pieces.

Inventory:

Hand Weapons
 a - a +0 long sword (weapon)
Missiles
 d - 3 throwing nets (quivered)
Armour
 c - a +0 helmet (worn)
 o - a +0 chain mail (worn)
Wands
 k - a wand of paralysis (17)
Scrolls
 b - a scroll of teleportation
 e - 5 scrolls of identify {unknown}
 g - a scroll of amnesia {unknown}
 h - a scroll of fog {unknown}
 j - a scroll of immolation {unknown}
 l - 2 scrolls of random uselessness {unknown}
 p - a scroll of remove curse {unknown}
Potions
 i - a potion of invisibility
 m - a potion of resistance {unknown}
 n - a potion of curing {unknown}
Comestibles
 f - 3 rations


   Skills:
 - Level 2.0 Fighting
 * Level 5.0 Long Blades
 - Level 1.8 Throwing
 - Level 3.1 Dodging


You had 4 spell levels left.
You didn't know any spells.

Dungeon Overview and Level Annotations

Branches:
Dungeon (4/15)
 Temple: D:4-7

Altars:
Qazlal
Zin

Shops:
D:4 [

Annotations:
D:4 Pikel; kaisn's ghost, amateur GnWz


Innate Abilities, Weirdness & Mutations

When hurt, damage is shared between your health and your magic reserves.
Your movements are slightly less encumbered by armour. (ER -2)


Message History

The hound is almost dead.
* * * LOW HITPOINT WARNING * * *
You feel sick. The hound closely misses you.
Kaisn's ghost casts a spell at you.
The ball explodes into a vile cloud!
The stinking cloud engulfs you!
The stinking cloud engulfs the hound.
The stinking cloud engulfs kaisn's ghost.
Kaisn's ghost appears unharmed.
You hit the hound but do no damage.
The hound is almost dead.
You are engulfed in noxious fumes.
* * * LOW HITPOINT WARNING * * *
You feel sick. The hound bites you but does no damage.
Kaisn's ghost closely misses you. The hound bites you but does no damage.
You barely miss the hound.
The hound is almost dead.
You are engulfed in noxious fumes.
You choke on the stench!
You are confused.
* * * LOW HITPOINT WARNING * * *
You die...

######.# .......#
######## ##### .#
#...###....
#.#..<....#
######ยง.W#######
.......h@##
.#########


You could see a hound and kaisn's ghost.

Vanquished Creatures
  An orc wizard (D:3)
  A worker ant (D:4)
  A gnoll (D:1)
  3 adders
  2 dart slugs (D:1)
  7 leopard geckos
  2 orcs (D:3)
  3 giant cockroaches
  4 goblins
  5 hobgoblins
  5 kobolds
  A quokka (D:2)
  4 bats
  6 rats
45 creatures vanquished.

Notes
Turn   | Place    | Note
-------+----------+-------------------------------------------
     0 | D:1      | robveelben the Demonspawn Gladiator began the quest for the Orb.
     0 | D:1      | Reached XP level 1. HP: 16/16 MP: 1/1
   152 | D:1      | Gained mutation: When hurt, damage is shared between your health and your magic reserves. [demonic ancestry]
   152 | D:1      | Reached XP level 2. HP: 20/22 MP: 2/2
   311 | D:1      | Reached skill level 3 in Long Blades
   356 | D:1      | Gained mutation: Your movements are slightly less encumbered by armour. (ER -2) [demonic ancestry]
   356 | D:1      | Reached XP level 3. HP: 23/27 MP: 1/3
   992 | D:2      | Found a faded altar of an unknown god.
  1150 | D:2      | Found a glowing silver altar of Zin.
  1420 | D:2      | Reached skill level 4 in Long Blades
  1772 | D:3      | Reached XP level 4. HP: 11/33 MP: 1/4
  2381 | D:4      | Found Wuimuulu's Armour Boutique.
  2399 | D:4      | Found a stormy altar of Qazlal.
  2417 | D:4      | Reached skill level 5 in Long Blades
  2417 | D:4      | Reached XP level 5. HP: 16/38 MP: 3/5
  2767 | D:4      | Noticed Pikel
  2767 | D:4      | Noticed a slave
  2767 | D:4      | Noticed a slave
  2768 | D:4      | Noticed a slave
  2797 | D:4      | Noticed kaisn's ghost (amateur GnWz)
  2816 | D:4      | Succumbed to kaisn's ghost's poison

Skill      XL: |  1  2  3  4 |
---------------+-------------+-----
Dodging        | 3 |  3.1
Long Blades    | 3 4 5 |  5.0
Fighting       | |  2.0
Throwing       | |  1.8

Action                   |  1- 3 |  4- 6 || total
-------------------------+-------+-------++-------
Melee: Long sword        |   121 |    62 ||   183
  Use: Scroll            |       |     1 ||     1
 Stab: Sleeping          |     2 |       ||     2
  Eat: Chunk             |     2 |       ||     2
       Ration            |       |     1 ||     1
Armor: Leather armour    |    30 |       ||    30
       Chain mail        |    17 |    50 ||    67
Dodge: Dodged            |    82 |    26 ||   108
       Rpst.: Long sword |    22 |    10 ||    32
